 Dungeon Crawl Stone Soup version 0.14.2 (webtiles) character file.

4 Amnesiac the Charlatan (level 1, -1/10 HPs)
             Began as a Spriggan Artificer on Feb 4, 2018.
             Slain by a hobgoblin
             ... wielding a +0,+0 club
              (5 damage)
             ... on Level 1 of the Dungeon.
             The game lasted 00:01:04 (289 turns).

Amnesiac the Charlatan (Spriggan Artificer)          Turns: 289, Time: 00:01:05

HP  -1/10        AC  2     Str  7      XL: 1   Next: 58%
MP   2/2         EV 18     Int 13      God:
Gold 0           SH  0     Dex 16      Spells:  0 memorised,  0 levels left

rFire  . . .     SeeInvis +     a - +0 short sword
rCold  . . .     Clarity  .     e - +0 robe
rNeg   . . .     Conserve .     (shield restricted)
rPois  .         rCorr    .     (helmet restricted)
rElec  .         rRot     .     (no cloak)
SustAb . .       Spirit   .     (gloves unavailable)
rMut   .         Warding  .     (boots unavailable)
Saprov . . .     Stasis   .     (no amulet)
MR     .....                    (no ring)
                                (no ring)

@: very quick, not resistant to hostile enchantments, fairly stealthy
A: unfitting armour, see invisible, herbivore 3, speed 3, slow metabolism 2
a: no special abilities


You were on level 1 of the Dungeon.
You were not hungry.

You visited 1 branch of the dungeon, and saw 1 of its levels.

Inventory:

Hand weapons
 a - a +0,+0 short sword (weapon)
Missiles
 g - 6 poisoned needles
Armour
 e - a +0 robe (worn)
Magical devices
 b - a wand of flame (15)
 c - a wand of enslavement (15)
 d - a wand of random effects (15)
Potions
 f - a potion of porridge {!q}


   Skills:
 - Level 1.0 Fighting
 - Level 1.1 Short Blades
 + Level 3.5 Dodging
 - Level 1.5 Stealth
 - Level 4.0 Evocations


You couldn't memorise any spells.
You didn't know any spells.

Dungeon Overview and Level Annotations

Branches:
Dungeon (1/15)

Altars:

Annotations:
D:1 exclusion: door


Innate Abilities, Weirdness & Mutations

You are tiny and cannot use many weapons and most armour.
You have supernaturally acute eyesight.
You are a herbivore.
You cover ground extremely quickly.
You need consume almost no food.


Message History

You hit the jackal.
You kill the jackal!
No target in view!
You see here a jackal corpse.
No target in view!
A giant gecko comes into view.
The giant gecko moves out of view.
No target in view!
g - 6 poisoned needles No target in view!
Found a hand axe.
A giant gecko is nearby!
You barely miss the giant gecko. The giant gecko misses you.
A giant gecko is nearby!
You hit the giant gecko.
The giant gecko is moderately wounded.
The giant gecko bites you.
You barely miss the giant gecko.
The giant gecko is moderately wounded.
The giant gecko closely misses you.
You barely miss the giant gecko.
The giant gecko is moderately wounded.
The giant gecko misses you. x2
You miss the giant gecko.
The giant gecko is moderately wounded.
The giant gecko bites you.
* * * LOW HITPOINT WARNING * * *
You closely miss the giant gecko.
The giant gecko is moderately wounded.
The giant gecko completely misses you.
You miss the giant gecko.
The giant gecko is moderately wounded.
The giant gecko barely misses you.
You hit the giant gecko.
The giant gecko is severely wounded.
The giant gecko barely misses you. The giant gecko bites you.
* * * LOW HITPOINT WARNING * * *
You hit the giant gecko.
You kill the giant gecko!
You start resting.
A ball python comes into view.
You see here an emulsified green potion {!q}.
A hobgoblin comes into view. It is wielding a club.
There are monsters nearby!
The hobgoblin shouts!
There are monsters nearby!
You see here a hand axe.
You hit the hobgoblin but do no damage. The hobgoblin hits you with a club.
* * * LOW HITPOINT WARNING * * *
You closely miss the hobgoblin. You hit the hobgoblin but do no damage.
The hobgoblin misses you.
You barely miss the hobgoblin. The hobgoblin closely misses you.
You hit the hobgoblin but do no damage. The hobgoblin closely misses you.
You hit the hobgoblin.
The hobgoblin is severely wounded.
The hobgoblin completely misses you.
You hit the hobgoblin but do no damage.
The hobgoblin is severely wounded.
The hobgoblin completely misses you.
You hit the hobgoblin.
The hobgoblin is almost dead.
The hobgoblin hits you with a club.
Ouch! That really hurt!
You die...

#.##### #.....#
#####.#
#>########.##
#"..........####.#
.h...............#
.########..######
############..#
#.......@g...!#
#.##########.##
...........#
#.....g...##
.........#
...S.....#
.........#
........# .......#


You could see a hobgoblin.

Vanquished Creatures
  4 jackals (D:1)
  A giant gecko (D:1)
5 creatures vanquished.

Notes
Turn   | Place    | Note
--------------------------------------------------------------
     0 | D:1      | Amnesiac, the Spriggan Artificer, began the quest for the Orb.
     0 | D:1      | Reached XP level 1. HP: 9/9 MP: 2/2
    87 | D:1      | Reached skill level 1 in Fighting
   289 | D:1      | Slain by a hobgoblin

Action                   || total
-------------------------++-------
Melee: Short sword       ||    38
